 Dungeon Crawl Stone Soup version 0.19.1-1-g22dce08 (webtiles) character file.

9952 esteth the Fighter (level 11, -3/105 HPs)
             Began as a Minotaur Fighter on Jan 3, 2017.
             Was a Priest of Makhleb.
             Slain by an orc warrior
             ... wielding a +0 dire flail
              (15 damage)
             ... on level 11 of the Dungeon.
             The game lasted 00:26:55 (9411 turns).

esteth the Fighter (Minotaur Fighter)               Turns: 9411, Time: 00:26:56

Health: -3/105     AC: 21    Str: 33    XL:     11   Next: 29%
Magic:  13/13      EV:  8    Int:  5    God:    Makhleb [***...]
Gold:   289        SH:  0    Dex: 11    Spells: 0 memorised, 10 levels left

rFire  . . .     SeeInvis .     M - +5 battleaxe
rCold  . . .     Gourm    +     t - +1 plate armour
rNeg   . . .     Faith    .     (shield currently unavailable)
rPois  +         Spirit   .     (helmet restricted)
rElec  .         Reflect  .     l - +0 cloak
rCorr  .         Harm     .     P - +2 pair of gloves
MR     .....                    H - +0 pair of boots
Stlth  ..........               w - amulet of the gourmand
                                L - ring of poison resistance
                                v - +5 ring of strength

@: mighty
A: retaliatory headbutt, horns 2
a: Minor Destruction, Lesser Servant of Makhleb, Renounce Religion


You were on level 11 of the Dungeon.
You worshipped Makhleb.
Makhleb was most pleased with you.
You were full.

You visited 2 branches of the dungeon, and saw 12 of its levels.

You collected 635 gold pieces.
You spent 346 gold pieces at shops.

Inventory:

Hand Weapons
 q - a +2 dagger of speed
 B - a -1 vampiric executioner's axe
 E - a +4 war axe
 M - a +5 battleaxe (weapon)
Missiles
 F - 18 tomahawks (quivered)
Armour
 c - a +0 shield
 g - a +0 chain mail
 l - a +0 cloak (worn)
 t - a +1 plate armour (worn)
 C - a +0 buckler
 H - a +0 pair of boots (worn)
 P - a +2 pair of gloves (worn)
Jewellery
 r - an uncursed amulet of guardian spirit
 v - a +5 ring of strength (left hand)
 w - an amulet of the gourmand (around neck)
 G - an uncursed ring of fire {unknown}
 L - a ring of poison resistance (right hand)
 O - an uncursed ring of resist corrosion {unknown}
 T - an uncursed ring of positive energy {unknown}
 X - an uncursed ring of wizardry {unknown}
Wands
 a - a wand of paralysis (11/24)
 k - a wand of enslavement (12/24)
 A - a wand of acid (11/15)
 R - a wand of flame (27/48)
 S - a wand of iceblast (6/15)
Scrolls
 b - a scroll of magic mapping
 i - 2 scrolls of blinking
 m - 7 scrolls of remove curse
 N - 2 scrolls of fear
 U - a scroll of amnesia
 V - 2 scrolls of identify
 W - 2 scrolls of teleportation
 Z - a scroll of enchant weapon
Potions
 d - 3 potions of might
 e - 2 potions of agility {unknown}
 j - 3 potions of flight {unknown}
 n - 2 potions of berserk rage {unknown}
 p - 6 potions of brilliance {unknown}
 s - 6 potions of curing
 u - 2 potions of lignification {unknown}
 x - 2 potions of haste {unknown}
 J - a potion of heal wounds {unknown}
 Q - a potion of mutation {unknown}
 Y - a potion of ambrosia {unknown}
Books
 y - a book of Misfortune

   Spells                             Type                      Level
   a - Confusing Touch                Hexes                        1
   b - Confuse                        Hexes                        3
   c - Gell's Gravitas                Hexes/Translocation          3
   d - Petrify                        Transmutation/Earth          4
   e - Metabolic Englaciation         Hexes/Ice                    5
   f - Yara's Violent Unravelling     Hexes/Transmutation          5
 D - a book of Geomancy

   Spells                             Type                      Level
   a - Sandblast                      Earth                        1
   b - Passwall                       Transmutation/Earth          2
   c - Stone Arrow                    Conjuration/Earth            3
   d - Petrify                        Transmutation/Earth          4
   e - Lee's Rapid Deconstruction     Earth                        5
Comestibles
 f - 10 bread rations
 h - 4 meat rations
 o - 2 slices of pizza
 z - 3 beef jerkies
 I - 3 fruits
 K - a royal jelly


   Skills:
 - Level 12.7 Fighting
 + Level 11.9 Axes
 - Level 5.6 Throwing
 - Level 9.3 Armour
 - Level 3.6 Shields
 - Level 4.7 Invocations


You had 10 spell levels left.
You didn't know any spells.

Dungeon Overview and Level Annotations

Branches:
Dungeon (11/15)            Temple (1/1) D:6            Lair (0/6) D:10
    Orc (0/2) D:11

Altars:
Ashenzari
Cheibriados
Dithmenos
Elyvilon
Fedhas
Gozag
Hepliaklqana
Kikubaaqudgha
Makhleb
Okawaru
Qazlal
Ru
Trog
Uskayaw
Vehumet
Xom
Zin

Shops:
D:8 [


Innate Abilities, Weirdness & Mutations

You reflexively headbutt those who attack you in melee.
You have a pair of horns on your head.


Message History

You feel better.
You slash the orc warrior! The orc warrior barely misses you.
The orc priest hits you but does no damage.
The orc hits you but does no damage.
The orc warrior hits you but does no damage.
Your ynoxinul gestures.
You slice the orc priest!!
You kill the orc priest!
Makhleb accepts your kill.
You feel better.
You closely miss the orc warrior.
The orc warrior hits you with a dire flail!
* * * LOW HITPOINT WARNING * * *
The orc completely misses you.
The orc warrior hits you but does no damage.
An ogre comes into view. It is wielding a giant club.
You closely miss the orc warrior. Your headbutt misses the orc warrior.
The orc warrior is almost dead.
Your ufetubus closely misses the orc warrior.
Your ufetubus barely misses the orc warrior.
The orc warrior hits you with a dire flail!
You die...

....... ....... .......
##### ....... ......
.......###...... .....##
.................
...............o)†.......
.....#...O.....†@).......
.....##..................
.....##....>...55oo......
.....##.........3...####
................5...#
....................'
...............)....#.
....................#..
....................#


You could see 2 orc warriors, an ogre, an orc, a friendly ynoxinul and 3
friendly ufetubi.

Vanquished Creatures
  Erolcha (D:10)
  The ghost of theAP the Basher, a novice GrFi of Ashenzari (D:8)
  A hill giant (D:10)
  A cyclops (D:11)
  2 gargoyles
  A troll (D:10)
  A two-headed ogre (D:8)
  A spriggan (D:7)
  Grum (D:10)
  A steam dragon (D:7)
  A hungry ghost (D:11)
  A warg (D:11)
  Menkaure (D:7)
  A mottled dragon (D:11)
  2 insubstantial wisps (D:7)
  6 orc warriors
  An ice beast (D:9)
  2 eyes of draining (D:5)
  7 sky beasts
  3 phantoms
  A black bear (D:8)
  2 ogres
  2 wolves (D:10)
  5 centaurs
  A crocodile (D:9)
  2 big kobolds
  4 bullfrogs
  A gnoll sergeant (D:8)
  6 scorpions
  8 killer bees
  9 wights
  A centaur zombie (D:6)
  4 crimson imps
  4 howler monkeys
  A quasit (D:6)
  A hound (D:10)
  2 bullfrog skeletons
  2 jellies (D:9)
  7 orc wizards
  6 orc priests
  A gnoll shaman (D:7)
  A centaur skeleton (D:10)
  Jessica (D:2)
  5 iguanas
  7 worker ants
  3 hound skeletons
  A worker ant zombie (D:5)
  8 gnolls
  14 adders
  3 shadow imps
  2 oozes
  4 worms
  3 dart slugs
  3 leopard geckos
  32 orcs
  A giant cockroach (D:3)
  3 goblins
  5 hobgoblins
  16 kobolds
  2 quokkas
  2 ball pythons
  10 bats
  4 frilled lizards
  A giant cockroach zombie (D:5)
  2 jackal skeletons (D:5)
  A leopard gecko skeleton (D:8)
  A leopard gecko zombie (D:5)
  A rat (D:2)
  2 fungi (D:7)
244 creatures vanquished.

Notes
Turn   | Place    | Note
-------+----------+-------------------------------------------
     0 | D:1      | esteth the Minotaur Fighter began the quest for the Orb.
     0 | D:1      | Reached XP level 1. HP: 19/19 MP: 0/0
   194 | D:1      | Reached XP level 2. HP: 26/26 MP: 1/1
   783 | D:2      | Reached XP level 3. HP: 31/31 MP: 2/2
   970 | D:2      | Noticed Jessica
   975 | D:2      | Killed Jessica
   975 | D:2      | Reached skill level 5 in Axes
   975 | D:2      | Reached XP level 4. HP: 29/39 MP: 3/3
  2124 | D:4      | Noticed a sky beast
  2136 | D:4      | Killed a sky beast
  2136 | D:4      | Reached XP level 5. HP: 26/45 MP: 4/4
  2553 | D:4      | Reached XP level 6. HP: 48/51 MP: 5/5
  2660 | D:5      | Entered Level 5 of the Dungeon
  3065 | D:5      | Reached skill level 4 in Fighting
  3065 | D:5      | Reached XP level 7. HP: 59/59 MP: 6/6
  3138 | D:5      | Reached skill level 5 in Fighting
  3294 | D:5      | Found a bloodstained altar of Trog.
  3656 | D:6      | Reached XP level 8. HP: 44/68 MP: 7/7
  3818 | D:6      | Reached skill level 5 in Throwing
  3849 | D:6      | Found a staircase to the Ecumenical Temple.
  3961 | Temple   | Entered the Ecumenical Temple
  4096 | Temple   | Became a worshipper of Makhleb the Destroyer
  4435 | D:7      | Noticed Menkaure
  4441 | D:7      | Killed Menkaure
  4441 | D:7      | Reached skill level 6 in Fighting
  4453 | D:7      | Reached skill level 7 in Fighting
  4759 | D:6      | Reached skill level 8 in Fighting
  4792 | D:6      | Reached skill level 9 in Fighting
  4999 | D:7      | Reached XP level 9. HP: 83/83 MP: 8/8
  5051 | D:7      | Reached * piety under Makhleb
  5100 | D:7      | Reached skill level 10 in Fighting
  5230 | D:7      | Reached skill level 11 in Fighting
  5505 | D:7      | Reached skill level 12 in Fighting
  5920 | D:7      | Reached ** piety under Makhleb
  6199 | D:8      | Reached XP level 10. HP: 100/100 MP: 9/9
  6209 | D:8      | Found Hezuacwa's Antique Armour Shop.
  6218 | D:8      | Bought a pair of runed gloves for 346 gold pieces
  6516 | D:8      | Reached skill level 5 in Armour
  6542 | D:8      | Noticed theAP's ghost (novice GrFi)
  6604 | D:8      | Killed theAP's ghost
  7589 | D:9      | Noticed Erolcha
  7618 | D:10     | Entered Level 10 of the Dungeon
  7620 | D:10     | Killed Erolcha
  7819 | D:9      | Reached skill level 1 in Invocations
  7869 | D:9      | Reached *** piety under Makhleb
  8500 | D:10     | Noticed a gargoyle
  8510 | D:10     | Killed a gargoyle
  8510 | D:10     | Reached skill level 10 in Axes
  8556 | D:10     | Reached XP level 11. HP: 105/105 MP: 13/13
  8658 | D:10     | Noticed Grum
  8671 | D:10     | Killed Grum
  8805 | D:10     | Noticed a hill giant
  8812 | D:10     | Killed a hill giant
  8817 | D:10     | Found a staircase to the Lair.
  9376 | D:11     | Found a staircase to the Orcish Mines.
  9411 | D:11     | Slain by an orc warrior

Skill      XL: |  1  2  3  4  5  6  7  8  9 10 11 |
---------------+----------------------------------+-----
Axes           | 3 4 5 7 9 10 11 | 11.9
Fighting       | 4 5 9 12 | 12.7
Throwing       | 4 5 |  5.6
Armour         | 9 |  9.3
Invocations    | 4 |  4.7
Shields        | |  3.6

Action                   |  1- 3 |  4- 6 |  7- 9 | 10-12 || total
-------------------------+-------+-------+-------+-------++-------
Melee: War axe           |    77 |    97 |   101 |       ||   275
       Headbutt          |    13 |    18 |    39 |    41 ||   111
       Battleaxe         |       |       |   145 |   188 ||   333
Invok: Lesser Servant of |       |       |       |     1 ||     1
  Use: Scroll            |       |     7 |     9 |     3 ||    19
       Potion            |       |       |       |     1 ||     1
  Eat: Chunk             |       |    10 |    16 |    17 ||    43
Armor: Scale mail        |    39 |    16 |       |       ||    55
       Chain mail        |       |    16 |    51 |       ||    67
       Plate armour      |       |       |   122 |   164 ||   286
Dodge: Dodged            |    22 |    29 |   102 |   103 ||   256
Block: Shield            |    47 |    43 |       |       ||    90
       Buckler           |       |     1 |    15 |       ||    16
